 Dungeon Crawl Stone Soup version 0.31.0-9-g3a7656b989 (webtiles) character file.

Game seed: 10601819637141049495

51 EnegeticOcto the Shooter (level 3, 0/18 HPs)
             Began as a Spriggan Hunter on Jan 31, 2024.
             Slain by a jackal (1 damage)
             ... on level 4 of the Dungeon.
             The game lasted 00:02:50 (602 turns).

EnegeticOcto the Shooter (Spriggan Hunter)           Turns: 602, Time: 00:02:51

Health: 0/18       AC:  4    Str:  7    XL:     3   Next: 57%
Magic:  4/4        EV: 18    Int: 10    God:
Gold:   90         SH:  0    Dex: 20    Spells: 2/2 levels left

rFire   . . .        a - +0 shortbow
rCold   . . .        (shield currently unavailable)
rNeg    . . .        c - +0 robe
rPois   .            (helmet restricted)
rElec   .            h - +1 cloak
rCorr   .            (gloves unavailable)
SInv    +            (boots unavailable)
Will    .....        (no amulet)
Stlth   ++           (no ring)
HPRegen 0.23/turn    (no ring)
MPRegen 0.09/turn

%: no passive effects
@: very quick
A: very small, no large weapons, unfitting armour, see invisible, speed 3
a: no special abilities


You were on level 4 of the Dungeon.
You visited 1 branch of the dungeon, and saw 4 of its levels.

You collected 90 gold pieces.

Inventory:

Hand Weapons
 a - a +0 shortbow (weapon)
 i - a +2 quarterstaff of chaos
   (You took it off Crazy Yiuf on level 2 of the Dungeon)
Missiles
 j - 4 poisoned darts
Armour
 c - a +0 robe (worn)
 h - a +1 cloak (worn)
   (You took it off Crazy Yiuf on level 2 of the Dungeon)
Scrolls
 b - a scroll of butterflies {!r}
 d - a scroll of immolation
Potions
 g - 2 potions of brilliance {unknown}
 k - a potion of mutation {unknown}


   Skills:
 - Level 1.5 Fighting
 + Level 5.3 Ranged Weapons
 - Level 2.6 Dodging
 - Level 1.5 Stealth


You had 2 spell levels left.
You didn't know any spells.
Your spell library contained the following spells:

 Spells                   Type           Power      Damage    Failure   Level
 Magic Dart               Conj           0%         1d3       36%         1
 Blink                    Tloc           0%         N/A       50%         2
 Call Imp                 Summ           0%         N/A       50%         2
 Ensorcelled Hibernation  Hex/Ice        0%         N/A       50%         2
 Passwall                 Erth           0%         N/A       75%         3
 Swiftness                Air            0%         N/A       75%         3


Dungeon Overview and Level Annotations

Branches:
Dungeon (4/15) Zot: 23536
 Temple: D:4-7

Altars:


Innate Abilities, Weirdness & Mutations

You are very small and have problems with some larger weapons.
You are too small for most types of armour.
You have supernaturally acute eyesight. (SInv)
You cover ground extremely quickly. (Speed+++)


Message History

Blink to where?
Press: ? - help, Dir - move target
As you read the scroll labelled MIK GIMUXTUAWN, it crumbles to dust.
It was a scroll of blinking.
g - 2 grey potions (gained 1)
Your line of fire to the ball python is blocked by a plant.
Unknown command.
You enter the shallow water.
Moving in this stuff is going to be slow.
You shoot an arrow. The arrow hits the ball python.
You kill the ball python!
Your goblin appears confused.
Found a hand axe.
Found a scroll of immolation.
d - a scroll of immolation
Found a book of Burglary.
You shoot an arrow. The arrow barely misses the orc.
The orc shouts!
You shoot an arrow. The arrow barely misses the orc.
You shoot an arrow. The arrow barely misses the orc.
The orc misses you.
You shoot an arrow. The arrow hits the orc.
The orc is moderately wounded.
The orc misses you.
You shoot an arrow. The arrow hits the orc.
The orc is almost dead.
The orc misses you.
You shoot an arrow. The arrow hits the orc!
You kill the orc!
No target in view!
Press: ? - help, v - describe, . - travel, g - get item Item here: a book of Burglary.
The floor.
You pick up a book of Burglary and begin reading...
You add the spells Ensorcelled Hibernation, Swiftness and Passwall to your library.
(D) Dungeon
Where to? (Tab/Enter - D:3, ? - help)
There is a stone staircase leading down here.
You climb downwards.
There is a stone staircase leading up here.
There are monsters nearby!
You shoot an arrow. The arrow hits the jackal.
The jackal barks!
The jackal is moderately wounded.
The jackal barks! x2
The endoplasm quivers.
You hear a bark!
The jackal completely misses you. x2
A jackal comes into view.
You shoot an arrow. The arrow hits the jackal.
The jackal is severely wounded.
The jackal completely misses you. The jackal misses you.
The jackal bites you but does no damage.
You shoot an arrow. The arrow hits the jackal.
The jackal is severely wounded.
The jackal misses you. The endoplasm freezes you.
You are frozen.
You shoot an arrow. The arrow closely misses the jackal. x2
The arrow hits the jackal.
The jackal is severely wounded.
The jackal misses you. The endoplasm freezes you.
You are frozen.
The jackal closely misses you. The jackal completely misses you.
The jackal barely misses you.
You shoot an arrow. The arrow hits the jackal!
You kill the jackal!
The jackal completely misses you. The jackal closely misses you.
The endoplasm misses you. The jackal bites you.
You are too injured to fight recklessly!
You are too injured to fight recklessly!
You are too injured to fight recklessly!
You are too injured to fight recklessly!
Fire: a) +0 shortbow
Press: ? - help, Q - select action, (/) - cycle Shift-Dir - straight line, f - jackal
Aim: a jackal (heavily wounded, 58% to hit)
You shoot an arrow. The arrow hits the jackal.
The jackal is almost dead.
The jackal closely misses you. The jackal completely misses you.
The endoplasm barely misses you. The jackal misses you.
The jackal bites you but does no damage.
The jackal bites you.
Fire: a) +0 shortbow
Press: ? - help, Q - select action, (/) - cycle Shift-Dir - straight line, f/p - jackal
Aim: a jackal (almost dead, 58% to hit)
You shoot an arrow. The arrow closely misses the jackal.
The jackal misses you. x2
The jackal bites you but does no damage.
The endoplasm freezes you.
You are frozen.
* * * LOW HITPOINT WARNING * * *
The jackal completely misses you. The jackal barely misses you.
Fire: a) +0 shortbow
Press: ? - help, Q - select action, (/) - cycle Shift-Dir - straight line, f - endoplasm, p - jackal
Aim: an endoplasm (87% to hit)
You shoot an arrow. The arrow hits the endoplasm!
You kill the endoplasm!
The jackal barely misses you. The jackal bites you.
* * * LOW HITPOINT WARNING * * *
The jackal barely misses you. The jackal bites you.
You die...

##### #.....
#....#
...#####.....#
......h@.#
......hh##
#########


You could see 3 jackals.

Vanquished Creatures
  Crazy Yiuf (D:2)
  2 orcs
  2 ball pythons
  4 bats
  3 endoplasms
  2 giant cockroaches
  A goblin (D:1)
  A jackal (D:4)
  2 kobolds
  A frilled lizard (D:1)
  A rat (D:2)
20 creatures vanquished.

Notes
Turn   | Place    | Note
-------+----------+-------------------------------------------
     0 | D:1      | EnegeticOcto the Spriggan Hunter began the quest for the
                  | Orb.
     0 | D:1      | Reached XP level 1. HP: 10/10 MP: 2/2
   120 | D:1      | Reached XP level 2. HP: 14/14 MP: 3/3
   166 | D:2      | Found a runed translucent door.
   167 | D:2      | Noticed Crazy Yiuf
   226 | D:2      | Killed Crazy Yiuf
   227 | D:2      | Reached skill level 5 in Ranged Weapons
   227 | D:2      | Reached XP level 3. HP: 18/18 MP: 4/4
   602 | D:4      | Slain by a jackal

Illustrated notes

Levels and vault maps discovered:
D:1:      scummos_arrival_star, layout_loops_ring
D:2:      layout_loops_cross, hellmonk_ecumenical_altar_arch_garden,
          basic_altar, nicolae_grassy_gnolls, uniq_crazy_yiuf_cottage
D:3:      layout_rooms, xom_butterflies, fiery_altar_vehumet,
          guppyfry_early_lair_pool
D:4:      layout_layer_cave, feat_on_display

Skill      XL: |  1  2 |
---------------+-------+-----
Ranged Weapons | 5 |  5.3
Fighting       | |  1.5
Dodging        | |  2.6
Stealth        | |  1.5

Action                     || total
---------------------------++-------
   Fire: Shortbow          ||    77
    Use: Scroll            ||     5
 Armour: Robe              ||    19
  Dodge: Dodged            ||    52

Table legend:
 A = Kills in this place as a percentage of kills in the entire game.
 B = Kills by you in this place as a percentage of kills by you in the entire game.
 C = Kills by friends in this place as a percentage of kills by friends in the entire game.
 D = Other kills in this place as a percentage of other kills in the entire game.
 E = Experience gained in this place as a percentage of experience gained in the entire game.
 F = Experience gained in this place divided by the number of levels of this place that you have seen.
                   A       B       C       D       E      F
               +-------+-------+-------+-------+-------+----------------------
         Total | 100.0 | 100.0 |   N/A |   N/A | 100.0 |  18.8
       Dungeon | 100.0 | 100.0 |   N/A |   N/A | 100.0 |  18.8
               +-------+-------+-------+-------+-------+----------------------

Table legend: (Time is in decaauts)
 A = Elapsed time spent in this place.
 B = Non-inter-level travel time spent in this place.
 C = Inter-level travel time spent in this place.
 D = Time resting spent in this place.
 E = Time spent auto-exploring this place.
 F = Levels seen in this place.
 G = Mean time per level.
                   A        B        C        D        E       F      G
               +--------+--------+--------+--------+--------+-----+--------+
         Total |    462 |    442 |     20 |    100 |      0 |   4 |  115.5 |
       Dungeon |    462 |    442 |     20 |    100 |      0 |   4 |  115.5 |
               +--------+--------+--------+--------+--------+-----+--------+

Top non-repeatable levels by time:
     D:3: 193 daAuts
     D:2: 143 daAuts
     D:1: 115 daAuts
     D:4: 8 daAuts
